Map: Invader LE

Players

ORANGEBUD

  • Race: Zerg Zerg
  • League: Platinum

blackxored - Winner!

  • Race: Zerg Zerg
  • League: Diamond

VOD

Have the link to the VOD?

Description

Time

  • Played on: July 1, 2016, 6:09 p.m.
  • Length: 8:32
Show
View Real Time Build Order
Export as new Build Order

ORANGEBUD Zerg 

Build Orders: Pool First 

Get SALT Encoding   

  12  0:00  Drone  
  13  0:07  Drone  
  14  0:17  Overlord  
  17  0:35  Drone x3  
  17  0:48  Spawning Pool  
  17  0:49  Drone  
  17  0:57  Drone  
  18  1:16  Hatchery  
  18  1:17  Drone  
  18  1:20  Drone  
  19  1:45  Hatchery  
  19  1:46  Drone  
  20  1:47  Drone  
  20  1:50  Extractor  
  19  1:55  Extractor  
  19  2:01  Drone  
  19  2:02  Overlord  
  19  2:23  Drone x2  
  21  2:33  Zergling x2  
  21  2:34  Drone  
  23  2:41  Zergling x2  
  24  2:46  Zergling x2  
  24  2:49  Baneling Nest  
  24  2:57  Drone  
  25  2:59  Queen x2  
  25  3:00  Queen  
  28  3:26  Evolution Chamber  
  27  3:27  Evolution Chamber  
  27  3:32  Spine Crawler  
  25  3:35  Spine Crawler  
  22  3:51  Hatchery  
  21  4:03  Zergling x4  
  21  4:04  Zergling x2  
  24  4:18  Drone  
  24  4:19  Drone x2  
  24  4:23  Baneling x3  
  27  4:26  Baneling  
  28  4:42  Hatchery  
  28  4:43  Metabolic Boost  
  27  4:48  Drone x2  
  29  4:57  Zergling x2  
  29  4:58  Zergling x2  
  31  5:12  Zergling x10  
  35  5:16  Baneling x2  
  35  5:26  Spine Crawler  
  34  5:31  Drone, Spine Crawler  
  34  6:07  Drone x5  
  34  6:08  Drone x2  
  41  6:12  Roach Warren  
  33  6:42  Zergling x2  
  33  6:43  Zergling x14  
  33  6:45  Baneling  
  41  6:48  Baneling x3  
  41  6:50  Baneling  
  41  7:04  Lair  
  41  7:17  Overlord x4  
  41  7:38  Spore Crawler  
  41  7:40  Spore Crawler  
  41  7:41  Spore Crawler x2  
  41  7:43  Spore Crawler  
  35  7:45  Spore Crawler  
  32  7:56  Spore Crawler  
  31  8:08  Drone x4  
  31  8:09  Drone  
  36  8:13  Drone  
Show
View Real Time Build Order
Export as new Build Order

blackxored Zerg - Winner!

Build Orders: Pool First 

Get SALT Encoding   

  12  0:01  Drone  
  13  0:08  Drone  
  14  0:15  Extractor  
  14  0:17  Drone  
  14  0:33  Spawning Pool  
  13  0:36  Drone  
  14  0:45  Overlord  
  14  0:51  Extractor  
  14  0:52  Drone  
  15  1:05  Drone x2  
  17  1:12  Drone  
  18  1:22  Queen  
  20  1:26  Metabolic Boost  
  20  1:34  Overlord  
  20  1:45  Baneling Nest  
  20  1:46  Zergling x2  
  20  1:48  Zergling x2  
  20  1:52  Zergling x2  
  22  2:04  Zergling x2  
  23  2:13  Zergling x2  
  24  2:28  Hatchery  
  23  2:30  Drone  
  23  2:31  Drone  
  25  2:41  Baneling x4  
  25  2:44  Zergling x4  
  27  2:45  Zergling x2  
  28  2:55  Overlord  
  28  3:19  Zergling x2  
  29  3:20  Zergling x4  
  30  3:29  Zergling x2  
  30  3:32  Baneling  
  31  3:52  Baneling  
  30  4:04  Drone x4  
  30  4:05  Drone x2  
  36  4:14  Queen  
  38  4:18  Drone  
  39  4:26  Drone x2  
  39  4:28  Overlord  
  41  4:32  Hatchery  
  40  4:42  Drone x4  
  40  4:43  Lair  
  44  4:49  Drone  
  45  5:12  Drone  
  45  5:13  Drone x4  
  48  5:19  Extractor  
  48  5:20  Extractor  
  48  5:21  Drone x2  
  48  5:35  Drone  
  49  5:36  Extractor  
  49  5:37  Drone x3  
  49  5:40  Drone  
  52  5:45  Drone  
  52  5:46  Drone  
  52  5:48  Drone  
  55  5:51  Drone  
  55  5:53  Overlord x2, Spire  
  55  5:55  Zergling x6  
  58  5:59  Baneling x3  
  58  6:00  Spine Crawler  
  57  6:16  Zergling x10  
  59  6:29  Drone  
  59  6:31  Drone x7  
  67  6:37  Overlord x2  
  67  6:41  Queen  
  67  6:45  Overlord x2  
  69  6:49  Drone  
  69  6:50  Extractor, Drone  
  69  6:53  Extractor, Drone  
  70  6:55  Drone x2  
  70  7:00  Overseer  
  72  7:05  Mutalisk x5  
  72  7:06  Mutalisk  
  84  7:12  Drone  
  85  7:22  Drone x6  
  91  7:32  Zergling x6, Hatchery  
  91  7:33  Zergling x6  
  91  7:34  Baneling x5  
  96  7:50  Mutalisk x5  
  106  8:01  Overlord x2  
  106  8:02  Overlord x2  
  106  8:08  Overlord  
  106  8:09  Overlord  
  104  8:26  Hatchery  
  113  8:28  Evolution Chamber  
  113  8:29  Evolution Chamber  
  114  8:30  Infestation Pit  
Tags
 
Add a new tag
Caveats
  • Supply blocks, unpowered buildings, or Contaminate may cause inaccurate times.
  • Supply counts are checked every 10 seconds.